 Dungeon Crawl Stone Soup version 0.26.0-15-gc6cd9f7 (webtiles) character file.

Game seed: 17234283684568172402

9920 ilyvion the Fighter (level 11, -6/98 HPs)
             Began as a Gnoll Wanderer on Jan 20, 2021.
             Was a Priest of Cheibriados.
             Mangled by a death yak (8 damage)
             ... on level 10 of the Dungeon.
             The game lasted 01:03:05 (11815 turns).

ilyvion the Fighter (Gnoll Wanderer)               Turns: 11815, Time: 01:03:06

Health: -6/98      AC: 13    Str: 30    XL:     11   Next: 54%
Magic:  8/20       EV: 16    Int: 23    God:    Cheibriados [***...]
Gold:   589        SH:  0    Dex: 24    Spells: 19/22 levels left

rFire    . . .     SeeInvis .   a - +4 scimitar (elec)
rCold    . . .     Faith    +   (no shield)
rNeg     . . .     Spirit   .   r - +3 scale mail
rPois    .         Reflect  .   M - +0 hat
rElec    .         Harm     .   (no cloak)
rCorr    .         Rampage  .   (no gloves)
Will     .....                  q - +1 pair of boots
Stlth    +++.......             K - amulet of faith
HPRegen  0.26/turn              p - +6 ring of strength
MPRegen  0.17/turn              (no ring)

@: very slow
A: distributed training, fangs 1, strong nose
a: Renounce Religion, Bend Time, Temporal Distortion


You were on level 10 of the Dungeon.
You worshipped Cheibriados.
Cheibriados was most pleased with you.
You visited 3 branches of the dungeon, and saw 12 of its levels.

You collected 589 gold pieces.

Inventory:

Hand Weapons
 a - a +4 scimitar of electrocution (weapon)
 b - a +3 vorpal shortbow
 m - a +1 dagger of electrocution
 G - a +0 hand crossbow
Missiles
 d - 349 stones
 t - 6 boomerangs (quivered)
 w - 56 bolts
 y - 65 arrows
Armour
 l - a +0 kite shield
 q - a +1 pair of boots (worn)
 r - a +3 scale mail (worn)
 H - a +0 buckler
 I - the +10 tower shield of Ignorance {rN+ Int-4}
   (You found it on level 8 of the Dungeon)

   It affects your intelligence (-4).
   It protects you from negative energy.
 M - a +0 hat (worn)
Magical Staves
 J - an uncursed staff of poison
Jewellery
 o - an uncursed ring of fire
 p - a +6 ring of strength (left hand)
 K - an amulet of faith (around neck)
Wands
 v - a wand of disintegration (15)
 C - a wand of flame (13)
 D - a wand of iceblast (9)
Scrolls
 f - a scroll of blinking
 g - 5 scrolls of teleportation
 i - 2 scrolls of immolation
 k - 3 scrolls of remove curse
 A - 2 scrolls of enchant armour
 E - a scroll of holy word
 F - a scroll of fear
 N - a scroll of noise {unknown}
Potions
 c - 2 potions of lignification
 e - a potion of cancellation
 h - a potion of degeneration {unknown}
 j - 4 potions of brilliance
 n - 2 potions of invisibility
 s - a potion of mutation
 u - a potion of ambrosia
 x - 2 potions of curing
 z - a potion of resistance
 B - a potion of magic


   Skills:
 + Level 13.3 Fighting
 + Level 6.4 Short Blades
 + Level 6.4 Long Blades
 + Level 6.4 Axes
 + Level 6.9 Maces & Flails
 + Level 6.4 Polearms
 + Level 6.4 Staves
 + Level 6.4 Slings
 + Level 6.4 Bows
 + Level 6.4 Crossbows
 + Level 6.9 Throwing
 + Level 6.9 Armour
 + Level 6.4 Dodging
 + Level 6.4 Stealth
 + Level 6.9 Shields
 + Level 6.4 Unarmed Combat
 + Level 6.4 Spellcasting
 + Level 5.3 Conjurations
 + Level 5.3 Hexes
 + Level 5.3 Summonings
 + Level 5.3 Necromancy
 + Level 5.3 Translocations
 + Level 5.3 Transmutations
 + Level 5.3 Fire Magic
 + Level 5.3 Ice Magic
 + Level 5.3 Air Magic
 + Level 5.3 Earth Magic
 + Level 5.3 Poison Magic
 + Level 7.0 Invocations
 + Level 6.4 Evocations


You had 19 spell levels left.
You knew the following spells:

 Your Spells              Type           Power        Failure   Level
a - Blink                 Tloc           N/A          2%          2
b - Apportation           Tloc           62%          1%          1

Your spell library contained the following spells:

 Spells                   Type           Power        Failure   Level
 Animate Skeleton         Necr           62%          1%          1
 Corona                   Hex            34%          1%          1
 Magic Dart               Conj           100%         1%          1
 Summon Small Mammal      Summ           100%         1%          1
 Call Imp                 Summ           31%          2%          2
 Slow                     Hex            31%          2%          2
 Conjure Flame            Conj/Fire      31%          5%          3
 Mephitic Cloud           Conj/Pois/Air  31%          5%          3


Dungeon Overview and Level Annotations

Branches:
Dungeon (10/15)            Temple (1/1) D:7            Lair (0/6) D:10
    Orc (1/2) D:9

Altars:
Ashenzari
Cheibriados
Dithmenos
Elyvilon
Fedhas
Gozag
Hepliaklqana
Kikubaaqudgha
Makhleb
Nemelex Xobeh
Okawaru
Qazlal
Ru
Sif Muna
Trog
Uskayaw
Vehumet
Wu Jian
Xom
Yredelemnul
Zin
The Shining One

Shops:
D:5 [

Annotations:
D:6 exclusion: howler monkey, Menkaure
D:8 1 runed translucent door, exclusion: orange crystal statue


Innate Abilities, Weirdness & Mutations

Your experience applies equally to all skills.
You have very sharp teeth.
Your uncanny sense of smell can sniff out nearby items.


Message History

You bite the death yak.
The death yak is heavily wounded.
Your Invocations skill increases to level 7!
You can feel time thicken for a moment.
You can no longer inflict damage on those overly hasty.
Cheibriados lowers the support of your attributes as your movement quickens.
The death yak misses you.
You hit the death yak.
The death yak is almost dead.
The death yak gores you!!
* * * LOW HITPOINT WARNING * * *
You hit the death yak.
The death yak is almost dead.
The death yak gores you but does no damage.
Okay, then.
You barely miss the death yak.
You bite the death yak, but do no damage.
The death yak is almost dead.
The death yak gores you!
You die...

#. . .# .. .. .?. #.
.... #.## #.... (.#
..#...##########(#####
>....YY@.............#
.....Y##########.###....
##... #.# # .... #.# ...
#.# .. #.# . ######'###
#........# # #........#
##


You could see 3 death yaks.

Vanquished Creatures
  A death knight (D:9)
  3 two-headed ogres
  3 death yaks (D:10)
  3 freezing wraiths (D:9)
  A troll (D:9)
  A yak (D:5)
  2 wyverns (D:10)
  A human (D:9)
  A warg (D:9)
  A water moccasin (D:8)
  Duvessa (D:5)
  3 orc warriors (D:9)
  2 sky beasts
  4 ogres
  2 phantoms
  A centaur (D:5)
  3 bullfrogs
  A gnoll sergeant (D:8)
  Dowan (D:5)
  A water moccasin zombie (D:10)
  2 scorpions (D:9)
  A water moccasin skeleton (D:6)
  3 killer bees
  11 wights
  2 howler monkeys (D:6)
  3 bullfrog zombies
  8 hounds
  6 orc priests
  3 centaur skeletons
  2 jellies (D:8)
  11 orc wizards
  A bullfrog skeleton (D:9)
  6 worker ants
  Ijyb (D:4)
  3 iguanas
  A worker ant zombie (D:8)
  8 adders
  3 gnolls (D:8)
  2 shadow imps (D:9)
  2 white imps (D:5)
  4 ufetubi
  An ooze (D:4)
  2 adder skeletons
  5 worms
  6 leopard geckos
  25 orcs
  9 bats
  7 giant cockroaches
  14 goblins
  5 hobgoblins
  4 jackals (D:6)
  7 kobolds
  5 quokkas
  2 ball pythons
  5 frilled lizards
  A jackal zombie (D:5)
  2 leopard gecko skeletons
  10 rats
  A spectral orc (D:2)
230 creatures vanquished.

Vanquished Creatures (others)
  A fungus (D:2)
1 creature vanquished.

Grand Total: 231 creatures vanquished

Notes
Turn   | Place    | Note
-------+----------+-------------------------------------------
     0 | D:1      | Reached skill level 12 in Fighting
     0 | D:1      | ilyvion the Gnoll Wanderer began the quest for the Orb.
     0 | D:1      | ilyvion set off with the following items: a +2 mace, a +0
                  | ring mail, a potion of lignification
     0 | D:1      | Reached XP level 1. HP: 31/31 MP: 1/1
   219 | D:1      | Reached XP level 2. HP: 36/38 MP: 2/2
   638 | D:2      | Reached XP level 3. HP: 34/44 MP: 2/4
   723 | D:2      | Reached skill level 1 in Invocations
  1119 | D:2      | Found a broken altar of Ashenzari.
  1288 | D:2      | Found a blossoming altar of Fedhas.
  1305 | D:2      | Reached skill level 1 in Short Blades
  1305 | D:2      | Reached skill level 1 in Long Blades
  1305 | D:2      | Reached skill level 1 in Axes
  1305 | D:2      | Reached skill level 1 in Polearms
  1305 | D:2      | Reached skill level 1 in Staves
  1305 | D:2      | Reached skill level 1 in Slings
  1305 | D:2      | Reached skill level 1 in Bows
  1305 | D:2      | Reached skill level 1 in Crossbows
  1305 | D:2      | Reached skill level 1 in Dodging
  1305 | D:2      | Reached skill level 1 in Stealth
  1305 | D:2      | Reached skill level 1 in Unarmed Combat
  1305 | D:2      | Reached skill level 1 in Spellcasting
  1305 | D:2      | Reached skill level 1 in Evocations
  1305 | D:2      | Reached XP level 4. HP: 34/51 MP: 5/5
  1569 | D:2      | Found a basalt altar of Yredelemnul.
  2002 | D:3      | Reached skill level 1 in Conjurations
  2002 | D:3      | Reached skill level 1 in Hexes
  2002 | D:3      | Reached skill level 1 in Summonings
  2002 | D:3      | Reached skill level 1 in Necromancy
  2002 | D:3      | Reached skill level 1 in Translocations
  2002 | D:3      | Reached skill level 1 in Transmutations
  2002 | D:3      | Reached skill level 1 in Fire Magic
  2002 | D:3      | Reached skill level 1 in Ice Magic
  2002 | D:3      | Reached skill level 1 in Air Magic
  2002 | D:3      | Reached skill level 1 in Earth Magic
  2002 | D:3      | Reached skill level 1 in Poison Magic
  2187 | D:3      | You fall into a shaft and drop 3 floors!
  2197 | D:5      | Entered Level 5 of the Dungeon
  2197 | D:5      | Found a hide-covered altar of Uskayaw.
  2301 | D:5      | Reached XP level 5. HP: 50/57 MP: 5/7
  2329 | D:5      | Found Julosu's Armour Shoppe.
  2329 | D:5      | Noticed Duvessa
  2329 | D:5      | Noticed Dowan
  2348 | D:4      | Noticed a phantom
  2348 | D:4      | Noticed an ogre
  2940 | D:4      | Killed an ogre
  2941 | D:4      | Reached XP level 6. HP: 32/64 MP: 8/8
  3122 | D:4      | Killed a phantom
  3383 | D:4      | Noticed Ijyb
  3396 | D:4      | Killed Ijyb
  3397 | D:4      | Reached XP level 7. HP: 39/70 MP: 10/10
  4235 | D:5      | Got a shimmering hunting sling
  4236 | D:5      | Identified the +3 hunting sling "Oxiggiff" {speed, rPois
                  | Stlth+} (You found it on level 5 of the Dungeon)
  4254 | D:5      | Got a crystal dagger
  4255 | D:5      | Identified the cursed +0 dagger of Division {venom, Will+
                  | Int+4} (You found it on level 5 of the Dungeon)
  4519 | D:5      | Found a radiant altar of Vehumet.
  4889 | D:5      | Noticed a yak
  4927 | D:5      | Killed a yak
  4928 | D:5      | Reached XP level 8. HP: 25/77 MP: 12/12
  5204 | D:5      | Got a twisted robe
  5215 | D:5      | Identified the cursed +0 robe of Cheibriados's Delight
                  | {rN+} (You found it on level 5 of the Dungeon)
  5536 | D:5      | Found a hide-covered altar of Uskayaw.
  5633 | D:5      | Found Julosu's Armour Shoppe.
  5977 | D:5      | Killed Duvessa
  5988 | D:5      | Killed Dowan
  6029 | D:5      | Found a radiant altar of Vehumet.
  6453 | D:6      | Noticed Menkaure
  6616 | D:6      | Found a sacrificial altar of Ru.
  6808 | D:6      | Found a glowing golden altar of the Shining One.
  7685 | D:7      | Reached XP level 9. HP: 81/82 MP: 14/14
  8041 | D:7      | Found a staircase to the Ecumenical Temple.
  8049 | Temple   | Entered the Ecumenical Temple
  8154 | Temple   | Became a worshipper of Cheibriados the Contemplative
  8330 | D:7      | Found a hazy altar of Hepliaklqana.
  8330 | D:7      | Found an ornate altar of the Wu Jian Council.
  8335 | D:7      | Found a faded altar of an unknown god.
  8337 | D:7      | Found a shadowy altar of Dithmenos.
  8338 | D:7      | Found a faded altar of an unknown god.
  8351 | D:7      | Learned a level 2 spell: Blink
  8490 | D:8      | Noticed a two-headed ogre
  8502 | D:7      | Killed a two-headed ogre
  8503 | D:7      | Reached skill level 5 in Maces & Flails
  8503 | D:7      | Reached skill level 5 in Throwing
  8503 | D:7      | Reached skill level 5 in Armour
  8503 | D:7      | Reached skill level 5 in Shields
  8946 | D:8      | Learned a level 1 spell: Apportation
  9044 | D:8      | Reached * piety under Cheibriados
  9155 | D:8      | Reached skill level 5 in Invocations
  9307 | D:8      | Found a runed translucent door.
  9323 | D:8      | Found the +10 tower shield of Ignorance {rN+ Int-4}
  9328 | D:8      | Found a runed translucent door.
  9334 | D:8      | Noticed an orange crystal statue
  9424 | D:8      | Noticed an angel
  9425 | D:8      | Found a glowing silver altar of Zin.
  9789 | D:9      | Reached XP level 10. HP: 91/91 MP: 17/17
  9790 | D:9      | Reached ** piety under Cheibriados
  9814 | D:9      | Reached skill level 5 in Short Blades
  9814 | D:9      | Reached skill level 5 in Long Blades
  9814 | D:9      | Reached skill level 5 in Axes
  9814 | D:9      | Reached skill level 5 in Polearms
  9814 | D:9      | Reached skill level 5 in Staves
  9814 | D:9      | Reached skill level 5 in Slings
  9814 | D:9      | Reached skill level 5 in Bows
  9814 | D:9      | Reached skill level 5 in Crossbows
  9814 | D:9      | Reached skill level 5 in Dodging
  9814 | D:9      | Reached skill level 5 in Stealth
  9814 | D:9      | Reached skill level 5 in Unarmed Combat
  9814 | D:9      | Reached skill level 5 in Spellcasting
  9814 | D:9      | Reached skill level 5 in Evocations
  9871 | D:9      | Found a staircase to the Orcish Mines.
 10064 | D:9      | Noticed a death knight
 10095 | D:9      | Killed a death knight
 10096 | D:9      | Reached skill level 13 in Fighting
 10418 | D:9      | Noticed a two-headed ogre
 10426 | D:9      | Killed a two-headed ogre
 10463 | Orc:1    | Entered Level 1 of the Orcish Mines
 10465 | Orc:1    | Reached *** piety under Cheibriados
 10467 | Orc:1    | Noticed an orc high priest
 10938 | D:9      | Found a shimmering blue altar of Sif Muna.
 11041 | D:9      | Reached XP level 11. HP: 98/98 MP: 19/19
 11365 | D:10     | Entered Level 10 of the Dungeon
 11375 | D:10     | Noticed a two-headed ogre
 11385 | D:10     | Killed a two-headed ogre
 11386 | D:10     | Reached skill level 5 in Conjurations
 11386 | D:10     | Reached skill level 5 in Hexes
 11386 | D:10     | Reached skill level 5 in Summonings
 11386 | D:10     | Reached skill level 5 in Necromancy
 11386 | D:10     | Reached skill level 5 in Translocations
 11386 | D:10     | Reached skill level 5 in Transmutations
 11386 | D:10     | Reached skill level 5 in Fire Magic
 11386 | D:10     | Reached skill level 5 in Ice Magic
 11386 | D:10     | Reached skill level 5 in Air Magic
 11386 | D:10     | Reached skill level 5 in Earth Magic
 11386 | D:10     | Reached skill level 5 in Poison Magic
 11634 | D:10     | Reached **** piety under Cheibriados
 11792 | D:10     | Found a staircase to the Lair.
 11792 | D:10     | Noticed a death yak
 11792 | D:10     | Noticed a death yak
 11794 | D:10     | Noticed a death yak
 11795 | D:10     | Noticed a death yak
 11795 | D:10     | Noticed a death yak
 11795 | D:10     | Noticed a death yak
 11800 | D:10     | Killed a death yak
 11807 | D:10     | Killed a death yak
 11811 | D:10     | Killed a death yak
 11813 | D:10     | HP: 2/98 [death yak (23)]
 11815 | D:10     | Mangled by a death yak

Illustrated notes

Levels and vault maps discovered:
D:1:      mrwooster_arrival_statue, layout_basic, chequers_serial_rivers_micro_c
D:2:      layout_loops_ring, marbit_many_paths,
          yredelemnul_forgotten_temple_becter, fedhas_altar_3
D:3:      layout_basic, amcnicky_mini_pool_small
D:4:      layout_rooms, uniq_ijyb
D:5:      minmay_chambers_of_threes, layout_basic,
          eat_drink_and_be_merry_uskayaw, vehumet_crystals, serial_shops, shop,
          nicolae_ossuary_entry_plus, uniq_duvessa
D:6:      layout_loops_ring, kennysheep_mini_moat,
          nicolae_tso_swordbearing_angel, uniq_crazy_yiuf_cottage, uniq_menkaure
D:7:      layout_rooms, chequers_temple_overflow_minitemple,
          minmay_temple_entry_gardened_gates, serial_bayou_crossing
D:8:      layout_rooms, zin_angel, chequers_guarded_unrand_ignorance
D:9:      layout_stronghold, erik_orc_4, basic_altar
D:10:     layout_roguey, dpeg_lair_monsters
Temple:   hc_temple_tempest_star
Orc:1:    layout_caves, mines_bat_river

Skill      XL: |  1  2  3  4  5  6  7  8  9 10 11 |
---------------+----------------------------------+-----
Fighting       | 13 | 13.3
Invocations    | 1 2 3 4 5 6 7 |  7.0
Short Blades   | 1 2 3 4 5 6 |  6.4
Long Blades    | 1 2 3 4 5 6 |  6.4
Axes           | 1 2 3 4 5 6 |  6.4
Polearms       | 1 2 3 4 5 6 |  6.4
Staves         | 1 2 3 4 5 6 |  6.4
Slings         | 1 2 3 4 5 6 |  6.4
Bows           | 1 2 3 4 5 6 |  6.4
Crossbows      | 1 2 3 4 5 6 |  6.4
Dodging        | 1 2 3 4 5 6 |  6.4
Stealth        | 1 2 3 4 5 6 |  6.4
Unarmed Combat | 1 2 3 4 5 6 |  6.4
Spellcasting   | 1 2 3 4 5 6 |  6.4
Evocations     | 1 2 3 4 5 6 |  6.4
Conjurations   | 1 2 3 4 5 |  5.3
Hexes          | 1 2 3 4 5 |  5.3
Summonings     | 1 2 3 4 5 |  5.3
Necromancy     | 1 2 3 4 5 |  5.3
Translocations | 1 2 3 4 5 |  5.3
Transmutations | 1 2 3 4 5 |  5.3
Fire Magic     | 1 2 3 4 5 |  5.3
Ice Magic      | 1 2 3 4 5 |  5.3
Air Magic      | 1 2 3 4 5 |  5.3
Earth Magic    | 1 2 3 4 5 |  5.3
Poison Magic   | 1 2 3 4 5 |  5.3
Maces & Flails | 3 4 5 6 |  6.9
Throwing       | 3 4 5 6 |  6.9
Armour         | 3 4 5 6 |  6.9
Shields        | 3 4 5 6 |  6.9

Action                   |  1- 3 |  4- 6 |  7- 9 | 10-12 || total
-------------------------+-------+-------+-------+-------++-------
Melee: Mace              |    57 |       |       |       ||    57
       Dagger            |    18 |    85 |    83 |       ||   186
       Bite              |     3 |     6 |    22 |    34 ||    65
       War axe           |       |       |    27 |       ||    27
       Punch             |       |       |     3 |     5 ||     8
       Scimitar          |       |       |    37 |    95 ||   132
 Fire: Hunting sling     |     2 |   114 |     9 |       ||   125
       Shortbow          |       |       |   156 |    92 ||   248
Throw: Stone             |    62 |     8 |     2 |       ||    72
       Boomerang         |       |       |     1 |     3 ||     4
 Cast: Apportation       |       |       |     3 |       ||     3
       Blink             |       |       |       |    16 ||    16
Invok: Slouch            |       |       |       |     3 ||     3
Evoke: Wand              |       |       |       |     1 ||     1
  Use: Scroll            |       |     2 |    20 |     4 ||    26
       Potion            |       |       |       |     2 ||     2
 Stab: Sleeping          |       |     1 |       |       ||     1
Armor: Ring mail         |    25 |    20 |    55 |       ||   100
       Chain mail        |       |       |       |    44 ||    44
       Scale mail        |       |       |       |    13 ||    13
Dodge: Dodged            |    37 |    41 |    89 |   101 ||   268
       Rpst.: Scimitar   |       |       |     8 |    34 ||    42
